 Dungeon Crawl Stone Soup version 0.23.2-30-g0e89c35649 (webtiles) character file.

Game seed: 15783819195561939948

671 Hivemind the Vexing (level 7, 16/32 HPs)
             Began as a Spriggan Enchanter on June 9, 2019.
             Quit the game in a sewer on June 10, 2019.
             The game lasted 00:43:42 (6344 turns).

Hivemind the Vexing (Spriggan Enchanter)            Turns: 6344, Time: 00:43:43

Health: 16/32      AC:  2    Str:  4    XL:     7   Next: 32%
Magic:  3/16       EV: 18    Int: 16    God:
Gold:   227        SH:  0    Dex: 19    Spells: 5/17 levels left

rFire    . . .     SeeInvis +   a - +1 dagger
rCold    . . .     Gourm    .   (shield restricted)
rNeg     . . .     Faith    .   b - +0 robe
rPois    .         Spirit   .   (helmet restricted)
rElec    .         Reflect  .   (no cloak)
rCorr    .         Harm     .   (gloves unavailable)
MR       +....                  (boots unavailable)
Stlth    +++.......             (no amulet)
HPRegen  0.10/turn              n - ring of flight
MPRegen  0.15/turn              (no ring)

@: mildly poisoned (16 -> 13), very slightly contaminated, starving, very quick
A: very small, unfitting armour, see invisible, herbivore, speed 3, slow
metabolism 2
a: Evoke Flight


You were in a sewer.
You were starving.

You visited 1 branch of the dungeon, and saw 5 of its levels.
You also visited: Sewer.

You collected 227 gold pieces.

Inventory:

Hand Weapons
 a - a +1 dagger (weapon)
Missiles
 e - 185 stones (quivered)
 m - 7 tomahawks
Armour
 b - a +0 robe (worn)
Jewellery
 n - a ring of flight (left hand)
Wands
 u - a wand of polymorph (8)
Scrolls
 c - 4 scrolls of remove curse {unknown}
 f - 2 scrolls of teleportation {unknown}
 h - a scroll of blinking {unknown}
 o - 3 scrolls of noise {unknown}
 p - 2 scrolls of fear {unknown}
 s - a scroll of identify {unknown}
 v - a scroll of random uselessness {unknown}
Potions
 g - 5 potions of heal wounds {unknown}
 i - 2 potions of degeneration {unknown}
 j - 2 potions of flight {unknown}
 k - 3 potions of cancellation {unknown}
 l - a potion of agility
 q - a potion of mutation {unknown}
 r - 2 potions of curing {unknown}
 t - a potion of brilliance {unknown}


   Skills:
 + Level 5.7 Short Blades
 - Level 3.0 Dodging
 - Level 4.4 Stealth
 + Level 5.7 Spellcasting
 + Level 6.2 Hexes


You had 5 spell levels left.
You knew the following spells:

 Your Spells              Type           Power        Failure   Level  Hunger
a - Corona                Hex            ###....      1%          1    None
b - Ensorcelled Hibernat  Hex/Ice        ##....       6%          2    #......
c - Confuse               Hex            ###.....     3%          3    ##.....
d - Dazzling Spray        Conj/Hex       ##....       12%         3    ##.....
e - Tukima's Dance        Hex            ###.....     3%          3    ##.....

Your spell library contained the following spells:

 Spells                   Type           Power        Failure   Level  Hunger


Dungeon Overview and Level Annotations

Branches:
Dungeon (5/15)
 Temple: D:4-7

Altars:

Annotations:
D:3 3 runed translucent doors, straszyg's ghost, amateur GrFi
D:4 Robin


Innate Abilities, Weirdness & Mutations

You are very small and have problems with some larger weapons.
You are too small for most types of armour.
You have supernaturally acute eyesight. (SInv)
You are a herbivore.
You cover ground extremely quickly.
You need to consume almost no food.


Message History

The adder barely misses you.
You barely miss the adder.
The adder is lightly wounded.
The adder completely misses you.
You hit the adder.
The adder is lightly wounded.
The adder barely misses you.
You hit the adder.
The adder is moderately wounded.
The adder bites you.
You are poisoned.
The adder poisons you!
You completely miss the adder.
The adder is moderately wounded.
You feel sick. The adder bites you.
You enter the shallow water.
Moving in this stuff is going to be slow.
The adder bites you but does no damage.
You feel sick. The adder barely misses you.
Are you sure you want to abandon this character and quit the game? (Confirm with "yes".)

#############
#####.†.≈†≈≈≈≈≈≈#
###.∩..≈.≈≈≈≈≈≈≈≈≈#
##≈...≈#########≈≈≈#
#∩≈≈####lSSS≈@.≈≈≈≈#
#####≈≈≈J#####≈.≈≈≈#
..≈≈.J≈ #######
.≈≈≈### ≈≈# ≈


You could see an ooze, an adder, a leopard gecko and 2 ball pythons.

Vanquished Creatures
  Grinder (D:4)
  A phantom (D:4)
  A scorpion (D:2)
  A hound (D:5)
  2 iguanas (D:4)
  Natasha (thrice) (D:3)
  2 worker ants (D:4)
  4 adders
  A howler monkey skeleton (D:4)
  2 oozes (D:1)
  2 worms
  3 dart slugs
  4 leopard geckos
  2 orcs
  3 ball pythons
  3 bats
  8 giant cockroaches
  10 goblins
  7 hobgoblins
  A jackal (D:1)
  A quokka (D:4)
  6 frilled lizards
  A jackal skeleton (D:4)
  5 kobolds
  11 rats
85 creatures vanquished.

Notes
Turn   | Place    | Note
-------+----------+-------------------------------------------
     0 | D:1      | Hivemind the Spriggan Enchanter began the quest for the
                  | Orb.
     0 | D:1      | Reached XP level 1. HP: 9/9 MP: 5/5
    10 | D:1      | Found a runed translucent door.
   725 | D:1      | Reached XP level 2. HP: 13/13 MP: 4/6
  2382 | D:2      | Noticed a scorpion
  2493 | D:2      | Reached XP level 3. HP: 16/16 MP: 5/8
  2497 | D:2      | Learned a level 2 spell: Ensorcelled Hibernation
  2681 | D:2      | Killed a scorpion
  2681 | D:2      | Reached skill level 4 in Hexes
  2681 | D:2      | Reached XP level 4. HP: 21/21 MP: 6/9
  3199 | D:3      | Noticed Natasha
  3553 | D:3      | Found a runed translucent gate.
  3554 | D:3      | Found a runed translucent gate.
  3555 | D:3      | Found a runed translucent gate.
  3556 | D:3      | Killed Natasha
  3804 | D:3      | Reached XP level 5. HP: 23/24 MP: 1/11
  3840 | D:3      | Noticed Natasha
  4007 | D:3      | Killed Natasha
  4020 | D:3      | Noticed Natasha
  4033 | D:3      | Killed Natasha
  4282 | D:3      | Noticed straszyg's ghost (amateur GrFi)
  4431 | D:4      | Noticed a centaur
  4648 | D:4      | Noticed Grinder
  4911 | D:3      | Learned a level 3 spell: Confuse
  4915 | D:3      | Learned a level 3 spell: Dazzling Spray
  4919 | D:3      | Learned a level 3 spell: Tukima's Dance
  4929 | D:4      | Reached skill level 5 in Hexes
  5042 | D:4      | Noticed Robin
  5101 | D:4      | Killed Grinder
  5101 | D:4      | Reached skill level 5 in Short Blades
  5101 | D:4      | Reached skill level 5 in Spellcasting
  5101 | D:4      | Reached XP level 6. HP: 28/28 MP: 10/14
  5625 | D:4      | Reached XP level 7. HP: 32/32 MP: 12/16
  5996 | D:5      | Entered Level 5 of the Dungeon
  5997 | D:5      | Reached skill level 6 in Hexes
  6107 | D:5      | Found a glowing drain.
  6276 | Sewer    | Entered a sewer
  6344 | Sewer    | Quit the game

Skill      XL: |  1  2  3  4  5  6  7 |
---------------+----------------------+-----
Short Blades   | 2 3 4 5 |  5.7
Spellcasting   | 3 5 |  5.7
Hexes          | 4 5 6 |  6.2
Dodging        | |  3.0
Stealth        | |  4.4

Action                   |  1- 3 |  4- 6 |  7- 9 || total
-------------------------+-------+-------+-------++-------
Melee: Dagger            |   113 |    74 |   102 ||   289
 Cast: Corona            |    38 |       |       ||    38
       Ensorcelled Hiber |     4 |    50 |     8 ||    62
       Confuse           |       |    12 |    15 ||    27
       Dazzling Spray    |       |       |     2 ||     2
 Stab: Sleeping          |    13 |    27 |     6 ||    46
       Confused          |       |     7 |     7 ||    14
  Eat: Ration            |       |     2 |     1 ||     3
Armor: Robe              |     7 |     1 |    17 ||    25
Dodge: Dodged            |    74 |    36 |    98 ||   208
